 Dungeon Sprint DCSS version 0.29.1-13-g9f3cf754e1 (webtiles) character file.

Game seed: 16547840999727178573

25 theblackgale the Ruffian (level 2, -3/23 HPs)
             Began as a Draconian Transmuter on Jan 26, 2023.
             Slain by a salamander (shapeshifter) (8 damage)
             ... in the Dungeon (Sprint I: "Red Sonja").
             The game lasted 00:02:03 (36 turns).

theblackgale the Ruffian (Draconian Transmuter)       Turns: 36, Time: 00:02:03

Health: -3/23      AC:  4    Str: 12    XL:     2   Next: 82%
Magic:  3/5        EV: 12    Int: 13    God:
Gold:   0          SH:  0    Dex: 11    Spells: 5/6 levels left

rFire   . . .      SeeInvis .     - Unarmed
rCold   . . .      Faith    .   (no shield)
rNeg    . . .      Spirit   .   (body armour unavailable)
rPois   .          Reflect  .   (helmet restricted)
rElec   .          Harm     .   (no cloak)
rCorr   .          Rampage  .   (no gloves)
Will    .....      NoTele   +   (no boots)
Stlth   +.........              (no amulet)
HPRegen 0.07/turn               (no ring)
MPRegen 0.09/turn               (no ring)

@: no status effects
A: AC +4, unfitting armour, cold-blooded
a: no special abilities


You were in the Dungeon.
You visited 1 branch

Inventory:

Wands
 h - a wand of polymorph (7)
Scrolls
 g - a scroll of blinking
Potions
 a - a potion of lignification
 b - a potion of curing
 c - a potion of heal wounds
 d - a potion of haste
 e - 2 potions of magic
 f - a potion of berserk rage


   Skills:
 + Level 1.1 Fighting
 + Level 2.8 Dodging
 + Level 5.1 Unarmed Combat
 + Level 2.8 Spellcasting
 + Level 2.7 Transmutations


You had 5 spell levels left.
You knew the following spells:

 Your Spells              Type           Power      Damage    Failure   Level
a - Beastly Appendage     Tmut           16%        N/A       8%          1

Your spell library contained the following spells:

 Spells                   Type           Power      Damage    Failure   Level
 Wereblood                Tmut           8%         N/A       12%         2
 Spider Form              Tmut/Pois      5%         N/A       38%         3
 Ice Form                 Ice/Tmut       5%         N/A       80%         4


Dungeon Overview and Level Annotations

Branches:
Dungeon (1/1)

Altars:


Innate Abilities, Weirdness & Mutations

Your plain brown scales are hard. (AC +4)
You cannot fit into any form of body armour.
You are cold-blooded and may be slowed by cold attacks.


Message History

You're too terrified to move while being watched!
You're too terrified to move while being watched!
You're too terrified to move while being watched!
You're too terrified to move while being watched!
You're too terrified to move while being watched!
You're too terrified to move while being watched!
You're too terrified to move while being watched!
You're too terrified to move while being watched!
You're too terrified to move while being watched!
You're too terrified to move while being watched!
You're too terrified to move while being watched!
You're too terrified to move while being watched!
You're too terrified to move while being watched!
You're too terrified to move while being watched!
You're too terrified to move while being watched!
You're too terrified to move while being watched!
You're too terrified to move while being watched!
You're too terrified to move while being watched!
You're too terrified to move while being watched!
You're too terrified to move while being watched!
Aiming: Polymorph
Press: ? - help, Q - select action, (/) - cycle Shift-Dir - straight line, f - ogre
Aim: an ogre, wielding a +0 giant club (chance to confuse on hit: 63%, will become a rat, a jackal, or a shapeshifter, chance to affect: 49%)
The ogre evaporates and reforms as a shapeshifter!
You release spores at the shapeshifter!
The shapeshifter appears confused.
The shapeshifter is moderately wounded.
The shapeshifter changes into a salamander!
You release spores at the salamander but do no damage.
The salamander is lightly wounded.
You release spores at the salamander.
The salamander appears confused.
The salamander is moderately wounded.
The salamander hits you but does no damage.
You release spores at the salamander but do no damage.
The salamander appears confused.
The salamander is moderately wounded.
You stop sporulating.
The salamander hits you!
* * * LOW HITPOINT WARNING * * *
You are engulfed in flames!
You die...

##########
#<.#.)@N.#
#..'..#..+
#..#####+#
#..# #..#
#..# #⌠⌠#
####


You could see a salamander shaped shifter (confused).

Vanquished Creatures
  Ijyb (D)
1 creature vanquished.

Notes
Turn   | Place    | Note
-------+----------+-------------------------------------------
     0 | D        | theblackgale the Draconian Transmuter began the quest for
                  | the Orb.
     0 | D        | Reached XP level 1. HP: 16/16 MP: 3/3
     3 | D        | Noticed Ijyb
    27 | D        | Killed Ijyb
    28 | D        | Reached skill level 5 in Unarmed Combat
    28 | D        | Reached XP level 2. HP: 16/23 MP: 3/5
    30 | D        | Noticed an ogre
    31 | D        | Noticed a shapeshifter
    31 | D        | an ogre changed into a shapeshifter
    32 | D        | Noticed a salamander
    32 | D        | a shapeshifter changed into a salamander
    36 | D        | Slain by a salamander (shapeshifter)

Illustrated notes

Levels and vault maps discovered:
D:        dungeon_sprint_1 [red_sonja_temple_1, red_sonja_temple_small_1]

Skill      XL: |  1 |
---------------+----+-----
Dodging        | 2 |  2.8
Unarmed Combat | 5 |  5.1
Fighting       | |  1.1
Spellcasting   | |  2.8
Transmutations | |  2.7

Action                   || total
-------------------------++-------
Melee: Unarmed           ||    26
       Tailslap          ||     1
Evoke: Wand              ||     1
Armor: Skin              ||    10
Dodge: Dodged            ||     9
